 Seeded DCSS version 0.30-a0-578-gdee14c521f (webtiles) character file.

Game seed: 20230101 (custom seed)

5387 purpskrrrp the Trooper (level 10, -6/79 HPs)
             Began as a Demonspawn Fighter on Jan 1, 2023.
             Was an Initiate of Gozag.
             Mangled by an ice devil (13 damage)
             ... on level 8 of the Dungeon.
             The game lasted 00:15:13 (7897 turns).

purpskrrrp the Trooper (Demonspawn Fighter)         Turns: 7897, Time: 00:15:14

Health: -6/79      AC: 21    Str: 27    XL:     10   Next: 39%
Magic:  0/10       EV:  9    Int: 10    God:    Gozag
Gold:   471        SH:  6    Dex: 20    Spells: 9/9 levels left

rFire   . . .      SeeInvis .    r - +9 dagger of Upnohom {spect, rN+ Dex+8}
rCold   . . .      Faith    .    c - +0 buckler
rNeg    + . .      Spirit   +    b - +0 scale mail
rPois   .          Reflect  .    j - +2 helmet
rElec   .          Harm     .    C - +0 cloak
rCorr   .          Rampage  .    n - +2 pair of gloves
Will    .....                    (no boots)
Stlth   +                        (no amulet)
HPRegen 0.33/turn                g - +4 ring of slaying
MPRegen 0.24/turn                k - +6 ring of strength

@: sanguine armoured, slowed, very slow
A: hooves 1, demonic guardian 1, magic shield, magic regeneration, sanguine
armour 1
a: Renounce Religion, Potion Petition, Call Merchant, Bribe Branch


You were on level 8 of the Dungeon.
You worshipped Gozag.
Gozag was aware of your devotion.
You visited 1 branch of the dungeon, and saw 8 of its levels.

You collected 2221 gold pieces.
You spent 1074 gold pieces at shops.
You paid 676 gold pieces to Gozag.

Inventory:

Hand Weapons
 a - a +2 war axe
 h - the +9 spear "Gasix" {heavy, rPois rN+ Stlth+}
   (You bought it in a shop on level 1 of the Dungeon)

   It deals dramatically more damage, but attacks with it are much slower.
   rPois:     It protects you from poison.
   rN:        It protects you from negative energy.
   Stlth:     It makes you more stealthy.
 q - a +7 trident of venom
 r - the +9 dagger of Upnohom (weapon) {spect, rN+ Dex+8}
   (You bought it in a shop on level 1 of the Dungeon)

   When its wielder attacks, the weapon's spirit leaps out and strikes again.
   The spirit shares a part of any damage it takes with its wielder.
   Dex:       It affects your dexterity (+8).
   rN:        It protects you from negative energy.
Missiles
 u - a throwing net (quivered)
Armour
 b - a +0 scale mail (worn)
 c - a +0 buckler (worn)
 j - a +2 helmet (worn)
 n - a +2 pair of gloves (worn)
 C - a +0 cloak (worn)
Jewellery
 g - a +4 ring of slaying (left hand)
 k - a +6 ring of strength (right hand)
 l - a ring of flight
 p - a ring of fire
Wands
 y - a wand of digging (2)
 B - a wand of flame (14)
Scrolls
 d - a scroll of amnesia
 s - a scroll of magic mapping
 t - a scroll of noise
 x - 4 scrolls of teleportation
Potions
 e - a potion of ambrosia
 f - 2 potions of heal wounds
 i - 2 potions of mutation
 m - 6 potions of curing
 o - 2 potions of flight
 v - a potion of degeneration {unknown}
 w - a potion of magic {unknown}
 z - a potion of cancellation {unknown}
 A - a potion of attraction {unknown}


   Skills:
 + Level 7.4 Fighting
 * Level 4.3 Short Blades
 - Level 4.3(6.0) Axes
 - Level 6.2(6.9) Polearms
 + Level 6.8 Armour
 + Level 2.8 Stealth
 + Level 6.8 Shields


You had 9 spell levels left.
You didn't know any spells.
Your spell library contained the following spells:

 Spells                   Type           Power      Damage    Failure   Level
 Apportation              Tloc           0%         N/A       69%         1
 Necrotise                Necr           0%         1d4       69%         1
 Summon Small Mammal      Summ           0%         N/A       69%         1
 Stone Arrow              Conj/Erth      0%         3d7       96%         3
 Animate Armour           Summ/Erth      0%         N/A       100%        4
 Lehudib's Crystal Spear  Conj/Erth      0%         10d2      100%        8


Dungeon Overview and Level Annotations

Branches:
Dungeon (8/15)             Temple (0/1) D:7
   Lair: D:8-11

Altars:
Cheibriados
Fedhas
Gozag
Kikubaaqudgha
Sif Muna

Shops:
D:1 ((   D:2 :

Annotations:
D:4 2 transporters, wormed's ghost, novice AtFi
D:7 3 runed translucent doors, bmack86's ghost, novice MiFi


Innate Abilities, Weirdness & Mutations

You have large cloven feet.
A weak demonic guardian rushes to your aid.
When hurt, damage is shared between your health and your magic reserves.
You regenerate magic rapidly.
When seriously injured, your blood forms armour. (AC +6)


Message History

You start resting.
HP restored.
You climb downwards.
The freezing wraith closely misses you.
The freezing wraith hits you but does no damage.
The ice devil barely misses you. The ice devil closely misses you.
There is a stone staircase leading up here.
You hit the freezing wraith. Your kick misses the freezing wraith.
The freezing wraith is lightly damaged.
Your +9 dagger of Upnohom {spect, rN+ Dex+8} completely misses the freezing wraith.
You block the freezing wraith's attack. The freezing wraith closely misses you.
The freezing wraith hits you. The freezing wraith freezes you!!
The freezing wraith barely misses you.
The ice devil hits you but does no damage. x2
You hit the freezing wraith. You kick the freezing wraith!
The freezing wraith is moderately damaged.
Your +9 dagger of Upnohom {spect, rN+ Dex+8} barely misses the freezing wraith.
The freezing wraith hits you but does no damage.
The freezing wraith closely misses you.
The freezing wraith hits you but does no damage.
The freezing wraith barely misses you. The ice devil hits you.
The ice devil freezes you!!
Your blood congeals into armour.
The ice devil hits you. The ice devil freezes you!
* * * LOW HITPOINT WARNING * * *
You are too injured to fight recklessly!
You are too injured to fight recklessly!
You are too injured to fight recklessly!
You are too injured to fight recklessly!
You are too injured to fight recklessly!
You are too injured to fight recklessly!
You are too injured to fight recklessly!
You are too injured to fight recklessly!
You block the freezing wraith's attack.
The freezing wraith barely misses you. x2
The freezing wraith hits you.
* * * LOW HITPOINT WARNING * * *
A demonic guardian appears!
The freezing wraith drains your vigour!
You feel yourself slow down. The ice devil hits you!
* * * LOW HITPOINT WARNING * * *
The ice devil freezes you!
You die...
Your body crumbles into a pile of gold.

#.....##............##
....#..##...#...........##
...##..##....)...........
#.. #...#..........#....#
.###..##...#..........#.....
.......#....................
.....#$.ยง.................
#~~#..#$.W.4<.....####.....
#~..$$..@4.......# ##.(..
#~..'..W..........###....
#~#..'.....5.8.........###
#~...'...........##.....#.
~~#...#..##.......####.....
.......#... ........###.....
.......#$........#..........
###..##.....#.####.....#...
#......#.#.


You could see 2 ice devils, 2 freezing wraiths and a friendly iron imp
(summoned).

Vanquished Creatures
  Pikel (D:6)
  Psyche (D:8)
  An ice devil (D:8)
  A troll (D:6)
  Sigmund (D:3)
  A wyvern (D:8)
  A steam dragon (D:7)
  Duvessa (D:4)
  A water moccasin (D:5)
  7 sky beasts
  2 black bears
  An ice beast (D:6)
  2 centaurs
  A lemure (D:6)
  A phantom (D:5)
  Blork the orc (D:4)
  6 bullfrogs
  A gnoll sergeant (D:5)
  2 scorpions
  A necrophage (D:7)
  Dowan (D:4)
  4 wights (D:8)
  11 killer bees
  An electric eel (D:6)
  4 jellies
  A gnoll bouda (D:5)
  2 orc priests
  Crazy Yiuf (D:6)
  5 hounds
  2 iguanas
  2 orc wizards (D:7)
  17 gnolls
  12 adders
  A shadow imp (D:7)
  4 white imps
  8 worms
  A dart slug (D:5)
  11 orcs
  4 ball pythons
  3 bats
  9 endoplasms
  6 goblins
  7 hobgoblins
  8 kobolds
  2 quokkas
  4 frilled lizards
  2 rats
167 creatures vanquished.

Vanquished Creatures (others)
  6 fungi (D:8)
  6 plants (D:8)
12 creatures vanquished.

Grand Total: 179 creatures vanquished

Notes
Turn   | Place    | Note
-------+----------+-------------------------------------------
     0 | D:1      | purpskrrrp the Demonspawn Fighter began the quest for the
                  | Orb.
     0 | D:1      | Reached XP level 1. HP: 18/18 MP: 1/1
    86 | D:1      | Gained mutation: When seriously injured, your blood forms
                  | armour. (AC +6) [demonic ancestry]
    86 | D:1      | Reached XP level 2. HP: 18/24 MP: 2/2
   115 | D:1      | Found Coskaan's Antique Weapon Boutique.
   760 | D:2      | Gained mutation: You have large cloven feet. [demonic
                  | ancestry]
   760 | D:2      | Reached XP level 3. HP: 29/29 MP: 3/3
  1027 | D:2      | Found Foussoh's Book Shoppe.
  1284 | D:1      | Prayed at the altar of an unknown god.
  1284 | D:1      | Became a worshipper of Gozag Ym Sagoz the Greedy
  1326 | D:3      | Reached XP level 4. HP: 35/35 MP: 4/4
  1661 | D:3      | Noticed Sigmund
  1670 | D:3      | Killed Sigmund
  1671 | D:3      | Reached skill level 4 in Fighting
  1671 | D:3      | Reached XP level 5. HP: 32/42 MP: 5/5
  1671 | D:3      | Reached XP level 6. HP: 37/48 MP: 6/6
  1961 | D:3      | Found a glowing drain.
  2465 | D:3      | Identified a scroll of acquirement
  2465 | D:3      | Acquired 869 gold pieces
  2483 | D:4      | Noticed Blork the orc
  2489 | D:4      | Killed Blork the orc
  2556 | D:4      | Found a transporter.
  2559 | D:4      | Noticed wormed's ghost (novice AtFi)
  2563 | D:4      | Found a transporter.
  2804 | D:4      | You fall into a shaft and drop 1 floor!
  2804 | D:5      | Entered Level 5 of the Dungeon
  2832 | D:5      | Gained mutation: You regenerate magic rapidly. [demonic
                  | ancestry]
  2832 | D:5      | Reached XP level 7. HP: 53/55 MP: 7/7
  2890 | D:5      | Reached skill level 1 in Polearms
  3475 | D:5      | Reached skill level 5 in Fighting
  3682 | D:5      | Reached XP level 8. HP: 62/62 MP: 8/8
  4027 | D:4      | Noticed Duvessa
  4027 | D:4      | Noticed Dowan
  4033 | D:4      | Killed Duvessa
  4039 | D:4      | Killed Dowan
  4567 | D:6      | Reached skill level 5 in Shields
  4584 | D:6      | Reached skill level 5 in Armour
  4640 | D:6      | Noticed a troll
  4646 | D:6      | Killed a troll
  4744 | D:6      | Reached skill level 5 in Polearms
  4749 | D:6      | Reached skill level 6 in Fighting
  4802 | D:6      | Gained mutation: When hurt, damage is shared between your
                  | health and your magic reserves. [demonic ancestry]
  4802 | D:6      | Reached XP level 9. HP: 69/69 MP: 9/9
  4909 | D:6      | Noticed Pikel
  4921 | D:6      | Killed Pikel
  5598 | D:6      | Found a runed translucent door.
  5599 | D:6      | Noticed Crazy Yiuf
  5935 | D:6      | Killed Crazy Yiuf
  6378 | D:1      | Bought an encrusted spear for 216 gold pieces
  6378 | D:1      | Identified the +9 spear "Gasix" {heavy, rPois rN+ Stlth+}
                  | (You bought it in a shop on level 1 of the Dungeon)
  6383 | D:1      | Bought the +9 dagger of Upnohom {spect, rN+ Dex+8} for 858
                  | gold pieces
  6497 | D:7      | Found a staircase to the Ecumenical Temple.
  6525 | D:7      | Reached skill level 1 in Short Blades
  6776 | D:7      | Reached skill level 1 in Stealth
  6781 | D:7      | Reached skill level 7 in Fighting
  6941 | D:7      | Noticed bmack86's ghost (novice MiFi)
  7008 | D:7      | Found a runed translucent gate.
  7008 | D:7      | Found a runed translucent gate.
  7008 | D:7      | Found a runed translucent gate.
  7498 | D:8      | Gained mutation: A weak demonic guardian rushes to your
                  | aid. [demonic ancestry]
  7498 | D:8      | Reached XP level 10. HP: 79/79 MP: 10/10
  7695 | D:8      | Found a blossoming altar of Fedhas.
  7716 | D:8      | Found a snail-covered altar of Cheibriados.
  7718 | D:8      | Found a shimmering blue altar of Sif Muna.
  7723 | D:8      | Found an ancient bone altar of Kikubaaqudgha.
  7759 | D:8      | Noticed Psyche
  7766 | D:8      | Killed Psyche
  7897 | D:8      | Mangled by an ice devil

Illustrated notes

Levels and vault maps discovered:
D:1:      spicycebolla_arrival_ecumenical, layout_basic, serial_shops,
          nicolae_shop_behind_doors
D:2:      layout_rooms, serial_shops, nicolae_lakefront_shop,
          nicolae_eternal_life, grunt_ministairs_15
D:3:      layout_loops_corners, cheibrodos_sewer_entry_sluice,
          kennysheep_another_room, uniq_sigmund
D:4:      layout_basic, gammafunk_ghost_arena, uniq_blork_the_orc, uniq_duvessa
D:5:      layout_basic, roderic_lattice_a, hangedman_decor_growths
D:6:      layout_layer_cave, nicolae_zen_rock_garden, minivault_14, uniq_pikel,
          uniq_crazy_yiuf_cottage
D:7:      layout_loops_cross, temple_pool_b, gammafunk_ghost_icy
D:8:      layout_cave_pools, nicolae_overflow_hallway_of_the_gods,
          grunt_lair_entry_orc_guard_hut, serial_column_ruins,
          column_ruins_courtyard_long, column_ruins_hut, column_ruins_open_tiny,
          column_ruins_open_tiny, column_ruins_corridor_dead_end,
          column_ruins_open_small, column_ruins_grid_1, column_ruins_open_tiny,
          hellmonk_guarded_unrand_frostbite, uniq_psyche

Skill      XL: |  1  2  3  4  5  6  7  8  9 10 |
---------------+-------------------------------+-----
Axes           | 2 3 4 |  4.3
Armour         | 3 4 5 6 |  6.8
Shields        | 3 4 5 6 |  6.8
Fighting       | 4 5 6 7 |  7.4
Polearms       | 3 5 6 |  6.2
Short Blades   | 2 4 |  4.3
Stealth        | 1 2 |  2.8

Action                   |  1- 3 |  4- 6 |  7- 9 | 10-12 || total
-------------------------+-------+-------+-------+-------++-------
Melee: War axe           |    65 |    58 |       |       ||   123
       Kick              |     2 |    17 |    47 |    21 ||    87
       Trident           |       |    10 |   129 |       ||   139
       Dagger            |       |       |    52 |    47 ||    99
Throw: Javelin           |     5 |    20 |       |       ||    25
Invok: Call Merchant     |       |       |     1 |       ||     1
  Use: Scroll            |     9 |     2 |    11 |       ||    22
       Potion            |       |     1 |     1 |       ||     2
 Stab: Distracted        |       |       |     2 |     1 ||     3
Armor: Scale mail        |    23 |    25 |    80 |    27 ||   155
Dodge: Dodged            |    27 |    28 |    61 |    19 ||   135
Block: Buckler           |    11 |    14 |    43 |     7 ||    75

Table legend: (Time is in decaauts)
 A = Elapsed time spent in this place.
 B = Non-inter-level travel time spent in this place.
 C = Inter-level travel time spent in this place.
 D = Time resting spent in this place.
 E = Time spent auto-exploring this place.
 F = Levels seen in this place.
 G = Mean time per level.
                   A        B        C        D        E       F      G
               +--------+--------+--------+--------+--------+-----+--------+
         Total |   7972 |   7421 |    551 |    556 |   5679 |   8 |  996.5 |
       Dungeon |   7972 |   7421 |    551 |    556 |   5679 |   8 |  996.5 |
               +--------+--------+--------+--------+--------+-----+--------+

Top non-repeatable levels by time:
     D:6: 1786 daAuts
     D:3: 1236 daAuts
     D:5: 1110 daAuts
     D:7: 1077 daAuts
     D:4: 1052 daAuts
     D:1: 697 daAuts
     D:2: 687 daAuts
     D:8: 322 daAuts
